| TOP OF THE 1ST |
|
Clinton LumberKings batting - Pitching for Beloit Snappers : LHP Andy Silveira
|
|
Pitching: LHP Andy Silveira
|
|
|
Batting: LHB Israel Montoya
|
0-0: Ball 1-0: Ball 2-0: Foul Ball, location: 2F 2-1: Ground out U3 (Groundball, 3, EV 84.4 MPH)
|
|
Batting: LHB Nick McGraw
|
0-0: Called Strike 0-1: Ball 1-1: Ball 2-1: Called Strike 2-2: Strikes out looking
|
|
Batting: RHB Josh Ruhl
|
0-0: Ball 1-0: Ball 2-0: Ball 3-0: Called Strike 3-1: Ground out 1-3 (Groundball, 15S, EV 70.0 MPH)
|
| Top of the 1st over - 0 runs, 0 hits, 0 errors, 0 left on base; Clinton 0 - Beloit 0 |
| BOTTOM OF THE 1ST |
|
Beloit Snappers batting - Pitching for Clinton LumberKings : RHP Devon Washington
|
|
Pitching: RHP Devon Washington
|
|
|
Batting: RHB Manny Moron
|
0-0: Ground out 6-3 (Groundball, 6M, EV 98.1 MPH)
|
|
Batting: LHB Oscar Curiel
|
0-0: Called Strike 0-1: Ball 1-1: SINGLE (Groundball, 34S, EV 64.4 MPH) (infield hit)
|
|
Batting: LHB Nate Melendez
|
0-0: Ball 1-0: Foul Ball, location: 2F 1-1: Ball 2-1: Called Strike 2-2: Strikes out looking
|
|
Batting: RHB Rafael Alarcon
|
0-0: Called Strike 0-1: Ball 1-1: Foul Ball, location: 2F 1-2: Fielders Choice at 2nd, 5-4 (Groundball, 56, EV 106.9 MPH)
|
| Bottom of the 1st over - 0 runs, 1 hit, 0 errors, 1 left on base; Clinton 0 - Beloit 0 |
| TOP OF THE 2ND |
|
Clinton LumberKings batting - Pitching for Beloit Snappers : LHP Andy Silveira
|
|
Batting: LHB Taki Matsui
|
0-0: Ground out 4-3 (Groundball, 4, EV 94.4 MPH)
|
|
Batting: RHB Heitaro Tanaka
|
0-0: Ball 1-0: Ball 2-0: Ground out 3-1 (Groundball, 34, EV 84.4 MPH)
|
|
Batting: RHB Matt Fenimore
|
0-0: Called Strike 0-1: SINGLE (Line Drive, 78M, EV 106.2 MPH)
|
|
Batting: RHB Tai Joo
|
0-0: Foul Ball, location: 2F 0-1: Foul Ball, location: 2F 0-2: Strikes out looking
|
| Top of the 2nd over - 0 runs, 1 hit, 0 errors, 1 left on base; Clinton 0 - Beloit 0 |
| BOTTOM OF THE 2ND |
|
Beloit Snappers batting - Pitching for Clinton LumberKings : RHP Devon Washington
|
|
Batting: RHB Chris Temple
|
0-0: Ball 1-0: Ball 2-0: Ball 3-0: Called Strike 3-1: Fly out, F9 (Flyball, 9S, EV 91.9 MPH)
|
|
Batting: RHB Jason Dove
|
0-0: Called Strike 0-1: Ball 1-1: Foul Ball, location: 2F 1-2: Foul Ball, location: 2F 1-2: Ground out 6-3 (Groundball, 56, EV 82.5 MPH)
|
|
Batting: RHB Mike Gangi
|
0-0: Foul Ball, location: 2F 0-1: Foul Ball, location: 2F 0-2: Ball 1-2: Strikes out swinging
|
| Bottom of the 2nd over - 0 runs, 0 hits, 0 errors, 0 left on base; Clinton 0 - Beloit 0 |
| TOP OF THE 3RD |
|
Clinton LumberKings batting - Pitching for Beloit Snappers : LHP Andy Silveira
|
|
Batting: RHB Omar Solis
|
0-0: Called Strike 0-1: Swinging Strike 0-2: Ball 1-2: Ball 2-2: Strikes out looking
|
|
Batting: LHB Chang Huie
|
0-0: Ball 1-0: Ball 2-0: Foul Ball, location: 2F 2-1: Foul Ball, location: 2F 2-2: Foul Ball, location: 2F 2-2: SINGLE (Groundball, 6D, EV 97.5 MPH)
|
|
Batting: LHB Israel Montoya
|
0-0: Called Strike Chang Huie is caught stealing 2nd base 2-6 0-1: Ball 1-1: Ball 2-1: Fly out, F7 (Flyball, 7, EV 93.8 MPH)
|
| Top of the 3rd over - 0 runs, 1 hit, 0 errors, 0 left on base; Clinton 0 - Beloit 0 |
| BOTTOM OF THE 3RD |
|
Beloit Snappers batting - Pitching for Clinton LumberKings : RHP Devon Washington
|
|
Batting: RHB Moses Brokken
|
0-0: Called Strike 0-1: SINGLE (Groundball, 4S, EV 72.5 MPH) (infield hit)
|
|
Batting: RHB Tim Anderson
|
0-0: Called Strike 0-1: Ball 1-1: Ball 2-1: Ball 3-1: Base on Balls Moses Brokken to second
|
|
Batting: RHB Manny Moron
|
0-0: Ball 1-0: Fielders Choice at 2nd, 6-4 (Groundball, 6, EV 81.9 MPH) Moses Brokken to third
|
|
Batting: LHB Oscar Curiel
|
0-0: Ball 1-0: Ball 2-0: Fielders Choice at 2nd, 6-4 (Groundball, 56, EV 103.8 MPH) Moses Brokken scores
|
|
Batting: LHB Nate Melendez
|
0-0: Ball Oscar Curiel is caught stealing 2nd base 2-6
|
| Bottom of the 3rd over - 1 run, 1 hit, 0 errors, 0 left on base; Clinton 0 - Beloit 1 |
| TOP OF THE 4TH |
|
Clinton LumberKings batting - Pitching for Beloit Snappers : LHP Andy Silveira
|
|
Batting: LHB Nick McGraw
|
0-0: Called Strike 0-1: Ground out 4-3 (Groundball, 4M, EV 85.0 MPH)
|
|
Batting: RHB Josh Ruhl
|
0-0: Ball 1-0: Foul Ball, location: 2F 1-1: Ball 2-1: Ground out 5-3 (Groundball, 56, EV 101.9 MPH)
|
|
Batting: LHB Taki Matsui
|
0-0: Ball 1-0: Ball 2-0: Ground out 6-3 (Groundball, 4MS, EV 88.1 MPH)
|
| Top of the 4th over - 0 runs, 0 hits, 0 errors, 0 left on base; Clinton 0 - Beloit 1 |
| BOTTOM OF THE 4TH |
|
Beloit Snappers batting - Pitching for Clinton LumberKings : RHP Devon Washington
|
|
Batting: LHB Nate Melendez
|
0-0: Ball 1-0: Ball 2-0: Called Strike 2-1: Ground out 4-3 (Groundball, 4, EV 85.0 MPH)
|
|
Batting: RHB Rafael Alarcon
|
0-0: Ball 1-0: Ball 2-0: Called Strike 2-1: Ball 3-1: SINGLE (Line Drive, 89S, EV 91.9 MPH)
|
|
Batting: RHB Chris Temple
|
0-0: Ball 1-0: Foul Ball, location: 2F 1-1: SINGLE (Groundball, 34D, EV 101.2 MPH) Rafael Alarcon to second Runner from 2nd tries for 3rd, SAFE, throw by RF made to third
|
|
Batting: RHB Jason Dove
|
0-0: Ball 1-0: Foul Ball, location: 2F 1-1: Foul Ball, location: 2F 1-2: Ball 2-2: Foul Ball, location: 2F 2-2: Ball 3-2: Foul Ball, location: 2F 3-2: Strikes out swinging
|
|
Batting: RHB Mike Gangi
|
0-0: Called Strike 0-1: Ball 1-1: Ball 2-1: Foul Ball, location: 2F 2-2: Fielders Choice at 2nd, 6-4 (Groundball, 6, EV 86.2 MPH)
|
| Bottom of the 4th over - 0 runs, 2 hits, 0 errors, 2 left on base; Clinton 0 - Beloit 1 |
| TOP OF THE 5TH |
|
Clinton LumberKings batting - Pitching for Beloit Snappers : LHP Andy Silveira
|
|
Batting: RHB Heitaro Tanaka
|
0-0: Foul Ball, location: 2F 0-1: Ball 1-1: Swinging Strike 1-2: Ball 2-2: Strikes out swinging
|
|
Batting: RHB Matt Fenimore
|
0-0: Called Strike 0-1: Swinging Strike 0-2: Ball 1-2: Ball 2-2: Strikes out swinging
|
|
Batting: RHB Tai Joo
|
0-0: Foul Ball, location: 2F 0-1: Foul Ball, location: 2F 0-2: Strikes out swinging
|
| Top of the 5th over - 0 runs, 0 hits, 0 errors, 0 left on base; Clinton 0 - Beloit 1 |
| BOTTOM OF THE 5TH |
|
Beloit Snappers batting - Pitching for Clinton LumberKings : RHP Devon Washington
|
|
Batting: RHB Moses Brokken
|
0-0: Swinging Strike 0-1: Foul Ball, location: 2F 0-2: Ball 1-2: Strikes out swinging
|
|
Batting: RHB Tim Anderson
|
0-0: Called Strike 0-1: Foul Ball, location: 2F 0-2: SINGLE (Line Drive, 9S, EV 94.4 MPH)
|
|
Batting: RHB Manny Moron
|
0-0: Ball 1-0: Ball 2-0: Called Strike 2-1: SINGLE (Groundball, 56S, EV 66.9 MPH) (infield hit) Tim Anderson to second
|
|
Batting: LHB Oscar Curiel
|
0-0: Called Strike 0-1: Swinging Strike 0-2: Ball 1-2: Fly out, F7 (Flyball, 7D, EV 78.8 MPH)
|
|
Batting: LHB Nate Melendez
|
0-0: Ball 1-0: Swinging Strike 1-1: Ground out 5-3 (Groundball, 56, EV 110.0 MPH)
|
| Bottom of the 5th over - 0 runs, 2 hits, 0 errors, 2 left on base; Clinton 0 - Beloit 1 |
| TOP OF THE 6TH |
|
Clinton LumberKings batting - Pitching for Beloit Snappers : LHP Andy Silveira
|
|
Batting: RHB Omar Solis
|
0-0: Ball 1-0: Foul Ball, location: 2F 1-1: Ball 2-1: Swinging Strike 2-2: Strikes out swinging
|
|
Batting: LHB Chang Huie
|
0-0: Ball 1-0: DOUBLE (Groundball, 3L, EV 105.0 MPH)
|
|
Batting: LHB Israel Montoya
|
0-0: Ball 1-0: Ball 2-0: Foul Ball, location: 2F 2-1: Ball 3-1: Foul Ball, location: 2F 3-2: SINGLE (Line Drive, 89S, EV 110.6 MPH) Chang Huie to third
|
|
Batting: LHB Nick McGraw
|
0-0: Ball Israel Montoya steals 2nd base 1-0: Ground out 3-1 (Groundball, 3, EV 104.4 MPH)
|
|
Batting: RHB Josh Ruhl
|
0-0: Ball 1-0: Swinging Strike 1-1: Ball 2-1: Ball Wild Pitch! Chang Huie scores Israel Montoya to third 3-1: Base on Balls
|
|
Batting: LHB Taki Matsui
|
0-0: Ball 1-0: Swinging Strike 1-1: Called Strike 1-2: Fly out, F8 (Flyball, 89M, EV 90.6 MPH)
|
| Top of the 6th over - 1 run, 2 hits, 0 errors, 2 left on base; Clinton 1 - Beloit 1 |
| BOTTOM OF THE 6TH |
|
Beloit Snappers batting - Pitching for Clinton LumberKings : RHP Devon Washington
|
|
Batting: RHB Rafael Alarcon
|
0-0: Hit by Pitch
|
|
Batting: RHB Chris Temple
|
0-0: Swinging Strike 0-1: Called Strike 0-2: Fly out, F8 (Flyball, 8RD, EV 100.0 MPH)
|
|
Batting: RHB Jason Dove
|
0-0: DOUBLE (Line Drive, 9LS, EV 107.5 MPH) Rafael Alarcon to third Runner from 3rd tries for Home, SAFE, throw by RF to home
|
|
Batting: RHB Mike Gangi
|
0-0: Ball 1-0: Called Strike 1-1: Foul Ball, location: 2F 1-2: Foul Ball, location: 2F 1-2: Strikes out swinging
|
|
Pitching: RHP Michel Méry
|
|
|
Batting: RHB Moses Brokken
|
0-0: Ball 1-0: Ball 2-0: Ground out 6-3 (Groundball, 6, EV 100.6 MPH)
|
| Bottom of the 6th over - 1 run, 1 hit, 0 errors, 1 left on base; Clinton 1 - Beloit 2 |
| TOP OF THE 7TH |
|
Clinton LumberKings batting - Pitching for Beloit Snappers : LHP Andy Silveira
|
|
Batting: RHB Heitaro Tanaka
|
0-0: Ball 1-0: Ball 2-0: Fly out, F8 (Flyball, 78M, EV 97.5 MPH)
|
|
Batting: RHB Matt Fenimore
|
0-0: Called Strike 0-1: Foul Ball, location: 2F 0-2: Foul Ball, location: 2F 0-2: Fly out, F1 (Line Drive, P, EV 71.2 MPH)
|
|
Batting: RHB Tai Joo
|
0-0: Called Strike 0-1: Ground out 5-3 (Groundball, 56, EV 91.2 MPH)
|
| Top of the 7th over - 0 runs, 0 hits, 0 errors, 0 left on base; Clinton 1 - Beloit 2 |
| BOTTOM OF THE 7TH |
|
Beloit Snappers batting - Pitching for Clinton LumberKings : RHP Michel Méry
|
|
Batting: RHB Tim Anderson
|
0-0: Ball 1-0: Called Strike 1-1: Called Strike 1-2: Strikes out looking
|
|
Batting: RHB Manny Moron
|
0-0: Ball 1-0: Called Strike 1-1: Ground out 4-3 (Groundball, 4, EV 89.4 MPH)
|
|
Batting: LHB Oscar Curiel
|
0-0: Called Strike 0-1: SINGLE (Groundball, 4M, EV 96.2 MPH) (infield hit)
|
|
Batting: LHB Nate Melendez
|
0-0: Called Strike 0-1: Ball 1-1: Ball Oscar Curiel steals 2nd base 2-1: Swinging Strike 2-2: Foul Ball, location: 2F 2-2: Ball 3-2: Strikes out swinging
|
| Bottom of the 7th over - 0 runs, 1 hit, 0 errors, 1 left on base; Clinton 1 - Beloit 2 |
| TOP OF THE 8TH |
|
Clinton LumberKings batting - Pitching for Beloit Snappers : LHP Andy Silveira
|
|
Batting: RHB Omar Solis
|
0-0: Ball 1-0: Ball 2-0: Ball 3-0: Called Strike 3-1: Base on Balls
|
|
Batting: LHB Chang Huie
|
0-0: Bunt missed! 0-1: Sac Bunt to 3S - play at first, batter OUT! 3-1 Omar Solis to second
|
|
Batting: LHB Israel Montoya
|
0-0: Called Strike 0-1: Swinging Strike 0-2: Ball 1-2: Foul Ball, location: 2F 1-2: Ball 2-2: Foul Ball, location: 2F 2-2: Ball 3-2: SINGLE (Groundball, 56D, EV 111.2 MPH) Omar Solis to third Runner from 3rd tries for Home, SAFE, throw by LF to home Israel Montoya to second
|
|
Pitching: RHP Kyle Rasor
|
|
|
Batting: LHB Nick McGraw
|
0-0: Ground out 6-3 (Groundball, P, EV 80.0 MPH) Israel Montoya to third
|
|
Batting: RHB Josh Ruhl
|
0-0: Ball 1-0: Ball 2-0: Ball 3-0: Called Strike 3-1: DOUBLE (Line Drive, 3D, EV 99.4 MPH) Israel Montoya scores
|
|
Batting: LHB Taki Matsui
|
0-0: Ball 1-0: Swinging Strike 1-1: Ball 2-1: Called Strike 2-2: Ball 3-2: Strikes out swinging
|
| Top of the 8th over - 2 runs, 2 hits, 0 errors, 1 left on base; Clinton 3 - Beloit 2 |
| BOTTOM OF THE 8TH |
|
Beloit Snappers batting - Pitching for Clinton LumberKings : RHP Michel Méry
|
|
Pinch Hitting: LHB Alejandro Muniz
|
0-0: Ball 1-0: SOLO HOME RUN (Flyball, 89XD, EV 96.9 MPH), Distance : 387 ft
|
|
Batting: RHB Chris Temple
|
0-0: Ball 1-0: Called Strike 1-1: Swinging Strike 1-2: Ground out 4-3 (Groundball, 4, EV 102.5 MPH)
|
|
Batting: RHB Jason Dove
|
0-0: Called Strike 0-1: Foul Ball, location: 2F 0-2: Ball 1-2: Ball 2-2: Fly out, F9 (Flyball, 9, EV 98.1 MPH)
|
|
Batting: RHB Mike Gangi
|
0-0: Called Strike 0-1: Fly out, F9 (Flyball, 9D, EV 87.5 MPH)
|
| Bottom of the 8th over - 1 run, 1 hit, 0 errors, 0 left on base; Clinton 3 - Beloit 3 |
| TOP OF THE 9TH |
|
Clinton LumberKings batting - Pitching for Beloit Snappers : RHP Kyle Rasor
|
|
Now at 3B: Jamie Jennings
|
|
|
Batting: RHB Heitaro Tanaka
|
0-0: Called Strike 0-1: Ball 1-1: Ball 2-1: Swinging Strike 2-2: Ball 3-2: Foul Ball, location: 2F 3-2: Strikes out swinging
|
|
Batting: RHB Matt Fenimore
|
0-0: Ball 1-0: Swinging Strike 1-1: Swinging Strike 1-2: Ball 2-2: Strikes out swinging
|
|
Pinch Hitting: SHB Brendan Bundy
|
0-0: Called Strike 0-1: Swinging Strike 0-2: Strikes out swinging
|
| Top of the 9th over - 0 runs, 0 hits, 0 errors, 0 left on base; Clinton 3 - Beloit 3 |
| BOTTOM OF THE 9TH |
|
Beloit Snappers batting - Pitching for Clinton LumberKings : RHP Michel Méry
|
|
Pitching: LHP Adam Parrish
|
|
|
Now at 2B: David Greene
|
|
|
Now at 3B: Chang Huie
|
|
|
Batting: RHB Moses Brokken
|
0-0: Ball 1-0: Called Strike 1-1: Foul Ball, location: 2F 1-2: Ball 2-2: Foul Ball, location: 2F 2-2: Strikes out swinging
|
|
Batting: RHB Tim Anderson
|
0-0: Called Strike 0-1: Swinging Strike 0-2: Strikes out swinging
|
|
Batting: RHB Manny Moron
|
0-0: Called Strike 0-1: Ground out 4-3 (Groundball, 34D, EV 97.5 MPH)
|
| Bottom of the 9th over - 0 runs, 0 hits, 0 errors, 0 left on base; Clinton 3 - Beloit 3 |
| TOP OF THE 10TH |
|
Clinton LumberKings batting - Pitching for Beloit Snappers : RHP Kyle Rasor
|
|
Pitching: LHP Cory Yeary
|
|
|
Batting: RHB Omar Solis
|
0-0: Called Strike 0-1: Ground out 6-3 (Groundball, 6MD, EV 97.5 MPH)
|
|
Batting: LHB Chang Huie
|
0-0: Foul Ball, location: 2F 0-1: Ball 1-1: Foul Ball, location: 2F 1-2: Strikes out swinging
|
|
Batting: LHB Israel Montoya
|
0-0: Swinging Strike 0-1: Ball 1-1: Ball 2-1: DOUBLE (Line Drive, 5D, EV 95.0 MPH)
|
|
Batting: RHB Nick Edmunds
|
0-0: Called Strike 0-1: Foul Ball, location: 2F 0-2: Ball 1-2: Ball 2-2: Ground out 6-3 (Groundball, 6, EV 103.1 MPH)
|
| Top of the 10th over - 0 runs, 1 hit, 0 errors, 1 left on base; Clinton 3 - Beloit 3 |
| BOTTOM OF THE 10TH |
|
Beloit Snappers batting - Pitching for Clinton LumberKings : LHP Adam Parrish
|
|
Pitching: RHP Dave Williams
|
|
|
Batting: LHB Oscar Curiel
|
0-0: Swinging Strike 0-1: Swinging Strike 0-2: Ball 1-2: Ball 2-2: Ball 3-2: Base on Balls
|
|
Batting: LHB Nate Melendez
|
0-0: Swinging Strike 0-1: Swinging Strike 0-2: Ball 1-2: Ball 2-2: SINGLE (Groundball, P, EV 80.6 MPH) (infield hit) Oscar Curiel to second
|
|
Batting: RHB Jamie Jennings
|
0-0: Foul Ball, location: 2F 0-1: Foul Ball, location: 2F 0-2: Foul Ball, location: 2F 0-2: Fly out, F8 (Flyball, 8RD, EV 84.4 MPH)
|
|
Batting: RHB Chris Temple
|
0-0: Called Strike 0-1: Called Strike 0-2: Ball 1-2: Fly out, F9 (Flyball, 89S, EV 91.9 MPH)
|
|
Batting: RHB Jason Dove
|
0-0: Swinging Strike 0-1: Ball 1-1: Foul Ball, location: 2F 1-2: Ball 2-2: Ball 3-2: SINGLE (Groundball, 6D, EV 112.5 MPH) Oscar Curiel to third Nate Melendez to second Oscar Curiel scores Nate Melendez to third
|
| Bottom of the 10th over - 1 run, 2 hits, 0 errors, 2 left on base; Clinton 3 - Beloit 4 |
|